 Dungeon Crawl Stone Soup version 0.17-a0-877-ga10078a (webtiles) character file.

74 hornqvist the Shield-Bearer (level 4, -2/35 HPs)
             Began as a Formicid Fighter on Apr 30, 2015.
             Slain by a gnoll (4 damage)
             ... on level 2 of the Dungeon.
             The game lasted 00:01:15 (1207 turns).

hornqvist the Shield-Bearer (Formicid Fighter)      Turns: 1207, Time: 00:01:16

Health: -2/35      AC:  9    Str: 22    XL:     4   Next: 54%
Magic:  4/4        EV:  7    Int:  7    God:
Gold:   46         SH:  9    Dex: 10    Spells: 0 memorised, 3 levels left

rFire  . . .     SeeInvis +     a - +0 war axe
rCold  . . .     Clarity  +     m - +0 chain mail
rNeg   . . .     SustAb   .     c - +0 shield
rPois  .         Gourm    .     (helmet unavailable)
rElec  .         Spirit   .     (no cloak)
rCorr  .         Warding  .     (no gloves)
rMut   .         Stasis   +     (no boots)
MR     .....                    q - amulet of clarity
Stlth  ..........               (no ring)
                                g - ring of wizardry

@: not resistant to hostile enchantments, extremely unstealthy
A: permanent stasis, dig shafts and tunnels, four strong arms, antennae 3
a: Dig, Shaft Self


You were on level 2 of the Dungeon.
You were not hungry.

You visited 1 branch of the dungeon, and saw 2 of its levels.

You collected 46 gold pieces.

Inventory:

Hand weapons
 a - a +0 war axe (weapon)
Armour
 b - a +0 scale mail
 c - a +0 shield (worn)
 m - a +0 chain mail (worn)
Jewellery
 g - a ring of wizardry (left hand)
 q - an amulet of clarity (around neck)
Magical devices
 r - a wand of hasting (4)
Scrolls
 k - a scroll of blinking {unknown}
 l - 3 scrolls of remove curse {unknown}
 n - a scroll of amnesia {unknown}
 o - a scroll of identify {unknown}
Potions
 d - a potion of might
 f - 2 potions of agility {unknown}
 h - 2 potions of heal wounds {unknown}
 i - a potion of curing {unknown}
 j - a potion of beneficial mutation {unknown}
 p - a potion of magic {unknown}
Comestibles
 e - a bread ration


   Skills:
 - Level 3.2 Fighting
 * Level 3.1 Axes
 - Level 3.2 Armour
 + Level 1.8 Dodging
 + Level 4.4 Shields


You had 3 spell levels left.
You didn't know any spells.

Dungeon Overview and Level Annotations

Branches:
Dungeon (2/15)

Altars:


Innate Abilities, Weirdness & Mutations

You are under a permanent stasis effect.
You can dig through walls and to a lower floor.
Your four strong arms can wield two-handed weapons with a shield.
You have a pair of large antennae on your head (SInv).


Message History

You slash the gnoll! You hit the gnoll. You hit the gnoll.
The gnoll barely misses you. The gnoll hits you but does no damage.
The gnoll hits you with a club.
* * * LOW HITPOINT WARNING * * *
You block the gnoll's attack.
You take 6 damage, and have 2/35 hp.
You hit the gnoll.
You kill the gnoll!
You closely miss the gnoll. You hit the gnoll. You block the gnoll's attack.
The gnoll barely misses you. x2
Unknown command.
You slash the gnoll! You closely miss the gnoll. You block the gnoll's attack.
The gnoll hits you.
* * * LOW HITPOINT WARNING * * *
You block the gnoll's attack.
You take 1 damage, and have 2/35 hp.
You barely miss the gnoll. You hit the gnoll but do no damage.
You block the gnoll's attack. The gnoll hits you but does no damage.
The gnoll hits you.
You die...

#.# #.##..##### #.#
#.........)
#.########.†###. #.....#
##.###. . #..†#.# #..##.
..#######.?.#.# ##.##.
............#.# #..#.
#.......g..###.# ##.#.
#.......@g.###'#####
#...
#........).##......#
##.. ..........##......#
#.. ..........##......#
#..
..........##......####..
.........##......##....
........##......#####.
.......##............
### #......######


You could see 2 gnolls.

Vanquished Creatures
  An adder (D:2)
  3 gnolls
  An ooze (D:1)
  A worm (D:2)
  A giant gecko (D:1)
  5 bats
  4 giant cockroaches
  5 goblins
  3 hobgoblins
  4 kobolds
  3 rats
31 creatures vanquished.

Notes
Turn   | Place    | Note
--------------------------------------------------------------
     0 | D:1      | hornqvist, the Formicid Fighter, began the quest for the Orb.
     0 | D:1      | Reached XP level 1. HP: 18/18 MP: 1/1
    27 | D:1      | Reached XP level 2. HP: 24/24 MP: 2/2
    44 | D:1      | Reached skill level 1 in Dodging
   195 | D:1      | Reached XP level 3. HP: 27/29 MP: 3/3
   222 | D:1      | Reached skill level 4 in Shields
  1149 | D:2      | Reached XP level 4. HP: 35/35 MP: 4/4
  1207 | D:2      | Slain by a gnoll

Action                   |  1- 3 |  4- 6 || total
-------------------------+-------+-------++-------
Melee: War axe           |    94 |    19 ||   113
  Eat: Chunk             |     1 |       ||     1
